 Dungeon Crawl Stone Soup version 0.25.0-3-gd7cc5688da (webtiles) character file.

Game seed: 2477469172596406242

9158 nikku the Thaumaturge (level 11, -9/66 HPs)
             Began as a Deep Elf Conjurer on June 15, 2020.
             Was a Priest of Vehumet.
             Mangled by Snorg (20 damage)
             ... on level 10 of the Dungeon.
             The game lasted 00:51:56 (10962 turns).

nikku the Thaumaturge (Deep Elf Conjurer)          Turns: 10962, Time: 00:51:57

Health: -9/66      AC: 14    Str:  5    XL:     11   Next: 19%
Magic:  3/28       EV: 11    Int: 24    God:    Vehumet [***...]
Gold:   386        SH:  0    Dex: 15    Spells: 14/32 levels left

rFire    + . .     SeeInvis .   m - +2 dagger (venom)
rCold    . . .     Gourm    .   (no shield)
rNeg     . . .     Faith    .   s - +0 acid dragon scales
rPois    .         Spirit   .   (no helmet)
rElec    .         Reflect  .   d - +1 cloak
rCorr    +         Harm     .   f - +1 pair of gloves
MR       +....                  (no boots)
Stlth    ++........             (no amulet)
HPRegen  0.21/turn              g - +4 ring of protection
MPRegen  0.21/turn              j - ring of protection from fire

@: about to teleport
A: no striking features
a: Renounce Religion


You were on level 10 of the Dungeon.
You worshipped Vehumet.
Vehumet was most pleased with you.
You were not hungry.

You visited 1 branch of the dungeon, and saw 11 of its levels.

You collected 607 gold pieces.
You spent 221 gold pieces at shops.

Inventory:

Hand Weapons
 m - a +2 dagger of venom (weapon)
Missiles
 e - 40 poisoned darts (quivered)
Armour
 d - a +1 cloak (worn)
 f - a +1 pair of gloves (worn)
 s - +0 acid dragon scales (worn)
Jewellery
 g - a +4 ring of protection (left hand)
 i - an uncursed ring of ice
 j - a ring of protection from fire (right hand)
 p - a +6 ring of dexterity
Wands
 b - a wand of digging (5)
 k - a wand of flame (16)
 r - a wand of iceblast (9)
Scrolls
 n - a scroll of teleportation
 t - 2 scrolls of magic mapping
 v - 3 scrolls of remove curse
 w - a scroll of identify
Potions
 h - a potion of cancellation
 l - 2 potions of curing
 o - 3 potions of resistance
 q - a potion of haste
 u - a potion of magic {unknown}
Comestibles
 a - 10 chunks of flesh
 c - 23 rations


   Skills:
 + Level 6.8 Fighting
 - Level 3.0 Dodging
 - Level 3.1 Stealth
 + Level 11.0 Spellcasting
 - Level 9.4 Conjurations
 - Level 9.0 Hexes
 - Level 7.5 Translocations
 + Level 2.8 Transmutations
 + Level 2.7 Earth Magic


You had 14 spell levels left.
You knew the following spells:

 Your Spells              Type           Power        Failure   Level  Hunger
a - Shock                 Conj/Air       ####         1%          1    None
b - Searing Ray           Conj           ######       1%          2    None
c - Iskenderun's Mystic   Conj/Tloc      ######..     1%          4    None
d - Fulminant Prism       Conj/Hex       ######....   1%          4    None
e - Magic Dart            Conj           ####         1%          1    None
f - Passwall              Tmut/Erth      ####....     4%          2    None
g - Petrify               Tmut/Erth      ####....     32%         4    None

Your spell library contained the following spells:

 Spells                   Type           Power        Failure   Level  Hunger
 Hailstorm                Conj/Ice       #####...     4%          4    None
 Corona                   Hex            ######.      1%          1    None
 Sandblast                Erth           ####..       1%          1    None
 Confusing Touch          Hex            ######..     1%          3    None
 Dazzling Flash           Conj/Hex       ######       1%          3    None
 Stone Arrow              Conj/Erth      #####.       1%          3    None
 Tukima's Dance           Hex            ######..     1%          3    None
 Ensorcelled Hibernation  Hex/Ice        ####..       2%          2    None
 Lee's Rapid Deconstruct  Erth           ####......   24%         5    ####...


Dungeon Overview and Level Annotations

Branches:
Dungeon (11/15)            Temple (0/1) D:6             Orc (0/2) D:9
   Lair: D:8-11

Altars:
Ashenzari
Cheibriados
Dithmenos
Fedhas
Gozag
Nemelex Xobeh
Qazlal
Trog
Uskayaw
Vehumet
Wu Jian
Xom
Yredelemnul
The Shining One

Shops:
D:7 (

Annotations:
D:8 4 exclusions, Gastronok
D:10 Snorg
D:11 Fannar


Message History

You erupt in a blast of force!
The mystic blast hits Snorg!
Snorg is severely wounded.
Snorg is knocked back by the mystic blast.
Casting: Iskenderun's Mystic Blast (dangerous; 1% risk of failure)
Confirm with . or Enter, or press ? or * to list all spells.
You don't have enough magic to cast that spell.
You hear a shout!
Evoke which item? (* to show all) (? for menu, Esc to quit)
Okay, then.
Casting: Iskenderun's Mystic Blast (dangerous; 1% risk of failure)
Confirm with . or Enter, or press ? or * to list all spells.
You don't have enough magic to cast that spell.
Okay, then.
As you read the scroll of teleportation, it crumbles to dust.
You feel strangely unstable. Snorg bites you! Snorg misses you.
Snorg claws you!
* * * LOW HITPOINT WARNING * * *
Okay, then.
Snorg bites you!!
You die...

.###.###.### #.#
.........## #.#
..........# #.#
####.###..#######.#
#######.###..........#
#......÷.............#
#............#######.#
#..##.####.#.# #.# #
#.# #@#.# #.# #.#
#T#.. #(# #.# #.####
#.# #o# #.# #.# ##÷##
#.#######?#
#..÷###....$.....
#......[.........
#..........###....##


You could see Snorg (berserk) and an orc warrior.

Vanquished Creatures
  Harold (D:8)
  A two-headed ogre (D:8)
  An unseen horror (D:10)
  Psyche (D:8)
  A kobold demonologist (D:11)
  A troll (D:10)
  A hornet (D:9)
  A hippogriff (D:10)
  A human (D:7)
  2 yaks (D:7)
  2 hogs (D:7)
  The ghost of VeryBadPlayer the Magician, an amateur DsWz (D:3)
  3 water moccasins
  An ice beast (D:6)
  7 orc warriors
  5 phantoms
  4 ogres
  2 sky beasts
  4 centaurs
  A crocodile (D:11)
  2 big kobolds (D:8)
  5 bullfrogs
  2 scorpions
  3 killer bees (D:11)
  12 wights
  2 howler monkeys
  A quasit (D:7)
  2 centaur zombies
  2 crimson imps
  5 hounds
  4 jellies
  A bullfrog zombie (D:6)
  3 orc priests
  21 orc wizards
  3 bullfrog skeletons
  2 iguanas
  5 worker ants
  A killer bee zombie (D:7)
  A hound zombie (D:8)
  3 worker ant zombies
  10 adders
  4 gnolls (D:2)
  3 river rats (D:5)
  3 shadow imps
  3 adder skeletons
  5 worms
  2 dart slugs
  8 leopard geckos
  42 orcs
  7 bats
  2 giant cockroaches
  8 hobgoblins
  13 kobolds
  8 quokkas
  4 ball pythons
  6 frilled lizards
  6 goblins
  A quokka skeleton (D:6)
  10 rats
266 creatures vanquished.

Vanquished Creatures (others)
  A hound (D:6)
  A worker ant (D:6)
  A leopard gecko (D:6)
  An orc (D:6)
  A quokka (D:6)
  13 fulminant prisms
18 creatures vanquished.

Grand Total: 284 creatures vanquished

Notes
Turn   | Place    | Note
-------+----------+-------------------------------------------
     0 | D:1      | nikku the Deep Elf Conjurer began the quest for the Orb.
     0 | D:1      | Reached XP level 1. HP: 10/10 MP: 6/6
   241 | D:1      | Reached XP level 2. HP: 16/16 MP: 6/8
   267 | D:1      | Learned a level 2 spell: Searing Ray
   635 | D:1      | Reached skill level 1 in Fighting
   868 | D:2      | Reached XP level 3. HP: 19/20 MP: 5/10
  1061 | D:2      | Found a sparkling altar of Nemelex Xobeh.
  1076 | D:2      | Reached skill level 4 in Spellcasting
  1152 | D:2      | Reached skill level 5 in Conjurations
  1463 | D:2      | Noticed a water moccasin
  1469 | D:2      | Killed a water moccasin
  1469 | D:2      | Reached XP level 4. HP: 26/26 MP: 5/12
  1469 | D:2      | Reached XP level 5. HP: 30/30 MP: 5/14
  1595 | D:2      | Found a blossoming altar of Fedhas.
  1609 | D:2      | Reached skill level 5 in Spellcasting
  1888 | D:2      | Learned a level 4 spell: Iskenderun's Mystic Blast
  1893 | D:2      | Learned a level 4 spell: Fulminant Prism
  2312 | D:3      | Found a snail-covered altar of Cheibriados.
  2676 | D:3      | Found a runed translucent door.
  2681 | D:3      | Noticed VeryBadPlayer's ghost (amateur DsWz)
  2689 | D:3      | Killed VeryBadPlayer's ghost
  2689 | D:3      | Reached skill level 1 in Hexes
  2689 | D:3      | Reached skill level 1 in Translocations
  2689 | D:3      | Reached XP level 6. HP: 36/36 MP: 9/16
  3413 | D:4      | Reached XP level 7. HP: 41/41 MP: 10/17
  3698 | D:4      | Reached skill level 6 in Spellcasting
  3914 | D:4      | Found a shattered altar of Ashenzari.
  3966 | D:5      | Entered Level 5 of the Dungeon
  4223 | D:5      | Reached XP level 8. HP: 47/47 MP: 10/20
  4528 | D:5      | Reached skill level 7 in Spellcasting
  5415 | D:6      | Reached skill level 5 in Hexes
  5512 | D:6      | Found a hide-covered altar of Uskayaw.
  5516 | D:6      | Noticed a +0 hand axe
  5516 | D:6      | Noticed a +0 hand axe
  5557 | D:6      | Found a radiant altar of Vehumet.
  5588 | D:6      | Became a worshipper of Vehumet
  5774 | D:6      | Found a staircase to the Ecumenical Temple.
  5892 | D:6      | Found an ornate altar of the Wu Jian Council.
  6002 | D:6      | Found a shimmering altar of Xom.
  6018 | D:6      | Reached XP level 9. HP: 44/52 MP: 13/22
  6138 | D:6      | Reached skill level 8 in Spellcasting
  6395 | D:6      | Found a shadowy altar of Dithmenos.
  6395 | D:6      | Found a basalt altar of Yredelemnul.
  6402 | D:6      | Reached skill level 5 in Translocations
  6524 | D:6      | Found a stormy altar of Qazlal.
  6524 | D:6      | Found a bloodstained altar of Trog.
  6945 | D:7      | Reached * piety under Vehumet
  6945 | D:7      | Offered knowledge of Freeze by Vehumet.
  7070 | D:7      | Found Pihy's Antique Weapon Shop.
  7130 | D:7      | Bought an iridescent trident for 221 gold pieces
  7130 | D:7      | Identified the +7 trident of Lumer {pain, rN+ Str+5 Dex-4}
                  | (You bought it in a shop on level 7 of the Dungeon)
  7244 | D:7      | Reached skill level 5 in Fighting
  7368 | D:7      | Found a shattered altar of Ashenzari.
  7463 | D:7      | Reached skill level 9 in Spellcasting
  7679 | D:7      | Learned a level 4 spell: Fulminant Prism
  8018 | D:8      | Noticed a two-headed ogre
  8023 | D:8      | Killed a two-headed ogre
  8023 | D:8      | Reached XP level 10. HP: 60/60 MP: 19/25
  8087 | D:8      | Noticed Psyche
  8091 | D:8      | Noticed Harold
  8091 | D:8      | Killed Psyche
  8109 | D:8      | Killed Harold
  8341 | D:8      | Offered knowledge of Shock by Vehumet.
  8347 | D:8      | Learned a level 1 spell: Shock
  8396 | D:8      | Found a glowing golden altar of the Shining One.
  8425 | D:8      | Reached ** piety under Vehumet
  8540 | D:8      | Reached skill level 10 in Spellcasting
  8905 | D:8      | Noticed Gastronok
  8992 | D:9      | Found an opulent altar of Gozag.
  9233 | D:9      | Offered knowledge of Ignite Poison by Vehumet.
  9330 | D:9      | Reached *** piety under Vehumet
  9421 | D:9      | Found a staircase to the Orcish Mines.
  9682 | D:9      | Learned a level 2 spell: Passwall
  9687 | D:9      | Learned a level 4 spell: Petrify
  9848 | D:9      | Reached skill level 1 in Transmutations
 10118 | D:9      | Reached skill level 1 in Earth Magic
 10187 | D:10     | Entered Level 10 of the Dungeon
 10222 | D:10     | Killed an unseen horror
 10222 | D:10     | Reached XP level 11. HP: 40/66 MP: 13/27
 10502 | D:10     | Offered knowledge of Hailstorm by Vehumet.
 10626 | D:10     | You fall into a shaft and drop 1 floor!
 10631 | D:11     | Noticed an eight-headed hydra
 10698 | D:11     | Noticed Fannar
 10728 | D:11     | Noticed a purple ugly thing
 10836 | D:10     | Reached skill level 11 in Spellcasting
 10946 | D:10     | Noticed Snorg
 10962 | D:10     | Mangled by Snorg

Illustrated notes

Levels and vault maps discovered:
D:1:      mrwooster_arrival_statue_3, layout_rooms,
          hangedman_decor_diamond_cutter
D:2:      layout_rooms, nemelex_xobeh_ov_fountains_minmay, first_ration,
          fedhas_altar_fruit_tree
D:3:      layout_loops_cross, lemuel_coloured_pillars_altar,
          ebering_ghost_reflecting_pool, chequers_serial_rivers_small_a
D:4:      minmay_spotlight, layout_loops_ring, nicolae_overflow_hidden_temple
D:5:      layout_basic, lightli_sewer_entry_pipes
D:6:      cheibrodos_quashed, layout_basic, dancing_weapons_uskayaw,
          xom_confusion_cloud, old_standard_altar,
          grunt_temple_overflow_cloverleaf, kennysheep_little_box,
          minmay_temple_entry_large_hall, kennysheep_decorative_pillar,
          fountainhead
D:7:      layout_rooms, serial_shops, nicolae_shop_waterfront, grunt_livestock,
          hangedman_decor_clover_reticule, cheibrodos_ashenzari_chains
D:8:      layout_basic, overflow_temple_1_default, uniq_gastronok, uniq_harold,
          uniq_psyche
D:9:      layout_loops_cross, grunt_gozag_breadcrumbs, david_orc_2,
          chequers_jeans, grunt_ministairs_10
D:10:     layout_loops_ring, dpeg_oklobed_lair, serial_shops, shop,
          enter_bailey_3, uniq_josephine, uniq_joseph, uniq_snorg
D:11:     layout_rooms, enter_trove_6, uniq_fannar

Skill      XL: |  1  2  3  4  5  6  7  8  9 10 11 |
---------------+----------------------------------+-----
Fighting       | 1 2 3 4 5 6 |  6.8
Spellcasting   | 4 5 6 7 9 10 11 | 11.0
Conjurations   | 5 6 7 8 9 |  9.4
Hexes          | 1 2 3 5 7 9 |  9.0
Translocations | 1 2 3 4 6 7 |  7.5
Stealth        | 3 |  3.1
Dodging        | 3 |  3.0
Transmutations | 1 2 |  2.8
Earth Magic    | 1 2 |  2.7

Action                   |  1- 3 |  4- 6 |  7- 9 | 10-12 || total
-------------------------+-------+-------+-------+-------++-------
Melee: Dagger            |       |       |     1 |     4 ||     5
Throw: Dart              |       |       |       |     1 ||     1
 Cast: Magic Dart        |    79 |    52 |   139 |    16 ||   286
       Searing Ray       |     4 |     9 |    66 |    38 ||   117
       Iskenderun's Myst |       |       |     5 |    20 ||    25
       Fulminant Prism   |       |       |     2 |    11 ||    13
       Shock             |       |       |       |   103 ||   103
  Use: Scroll            |     4 |       |    11 |     6 ||    21
       Potion            |       |       |       |     2 ||     2
  Eat: Chunk             |     2 |     4 |    12 |     3 ||    21
       Ration            |       |       |     1 |     2 ||     3
Armor: Robe              |     2 |     1 |    18 |       ||    21
       Acid dragon scale |       |       |       |    46 ||    46
       Skin              |       |       |       |    10 ||    10
Dodge: Dodged            |     7 |     1 |    27 |    21 ||    56
